 Dungeon Crawl Stone Soup version 0.31-a0-618-g7ca08c1ff9 (webtiles) character file.

Game seed: 1469585949130017229

43 mdonais the Conjurer (level 3, -3/25 HPs)
             Began as an Octopode Reaver on Aug 22, 2023.
             Was a Follower of Sif Muna.
             Slain by an orc
             ... wielding a +1 war axe of electrocution
              (13 damage)
             ... on level 3 of the Dungeon.
             The game lasted 00:03:13 (1791 turns).

mdonais the Conjurer (Octopode Reaver)              Turns: 1791, Time: 00:03:14

Health: -3/25      AC:  1    Str: 11    XL:     3   Next: 58%
Magic:  6/6        EV: 13    Int: 17    God:    Sif Muna [*.....]
Gold:   101        SH:  0    Dex: 10    Spells: 3/6 levels left

rFire   + . .        a - +0 short sword
rCold   . . .        (no shield)
rNeg    . . .        (helmet restricted)
rPois   .            (no amulet)
rElec   .            c - ring of protection from cold
rCorr   .            l - ring of fire
SInv    .            (no ring)
Will    .....        (no ring)
Stlth   +++          (no ring)
HPRegen 0.24/turn    (no ring)
MPRegen 0.10/turn    (no ring)
                     (no ring)

%: no passive effects
@: no status effects
A: almost no armour, amphibious, 8 rings, camouflage 1, gelatinous body 1,
(nimble swimmer 1), tentacles
a: Renounce Religion, Channel Magic


You were on level 3 of the Dungeon.
You worshipped Sif Muna.
Sif Muna was aware of your devotion.
You visited 1 branch of the dungeon, and saw 3 of its levels.

You collected 101 gold pieces.

Inventory:

Hand Weapons
 a - a +0 short sword (weapon)
 h - a +1 mace of holy wrath
   (You found it on level 1 of the Dungeon)
Missiles
 t - 5 boomerangs (quivered)
Magical Staves
 d - a staff of conjuration
   (You found it on level 1 of the Dungeon)
 g - a staff of death
   (You found it on level 1 of the Dungeon)
Jewellery
 c - a ring of protection from cold (left tentacle)
   (You found it on level 1 of the Dungeon)
 l - a ring of fire (right tentacle)
   (You found it on level 2 of the Dungeon)
Scrolls
 b - a scroll of identify {unknown}
 j - a scroll of revelation {unknown}
 k - a scroll of brand weapon {unknown}
Potions
 e - 3 potions of curing {unknown}
 f - 2 potions of enlightenment {unknown}
 i - a potion of heal wounds {unknown}
 m - a potion of haste {unknown}


   Skills:
 + Level 2.9 Fighting
 - Level 3.0 Short Blades
 - Level 2.0 Dodging
 + Level 2.7 Stealth
 - Level 2.0 Spellcasting
 - Level 3.0 Conjurations
 - Level 1.0 Translocations


You had 3 spell levels left.
You knew the following spells:

 Your Spells              Type           Power      Damage    Failure   Level
a - Kiss of Death         Conj/Necr      24%        2d7       11%         1
b - Momentum Strike       Conj/Tloc      16%        3d8       13%         2

Your spell library contained the following spells:

 Spells                   Type           Power      Damage    Failure   Level
 Hailstorm                Conj/Ice       6%         3d4       30%         3


Dungeon Overview and Level Annotations

Branches:
Dungeon (3/15) Zot: 16220

Altars:
Sif Muna


Innate Abilities, Weirdness & Mutations

You cannot wear most types of armour.
You are amphibious.
You can wear up to eight rings at the same time.
Your skin changes colour to match your surroundings (Stealth+).
Your rubbery body absorbs attacks. (AC +1, EV +1)
((You are camouflaged when in or above water. (Stealth+)))
You have tentacles for arms and can constrict up to eight enemies at once.


Message History

Found a stone staircase leading down.
m - a pink potion A hobgoblin comes into view.
A hobgoblin is nearby!
The helpless hobgoblin fails to defend itself.
You puncture the hobgoblin!
You kill the hobgoblin!
Sif Muna accepts your kill.
No target in view!
No target in view!
No target in view!
No target in view!
No target in view!
No target in view!
No target in view!
No target in view!
A quokka comes into view.
A quokka is nearby!
A hobgoblin comes into view.
The hobgoblin shouts!
You hit the quokka. You grab the quokka.
The quokka is severely wounded.
You constrict the quokka.
You kill the quokka!
Sif Muna accepts your kill.
You barely miss the hobgoblin. You grab the hobgoblin.
You squeeze the hobgoblin.
You kill the hobgoblin!
Sif Muna accepts your kill.
No target in view!
No target in view!
No target in view!
No target in view!
No target in view!
You see here a hobgoblin corpse.
Found a stone staircase leading up.
Done exploring.
Done exploring.
Done exploring.
Done exploring.
Okay, then.
There is a stone staircase leading down here.
You climb downwards.
There is a stone staircase leading up here.
A hobgoblin is nearby!
The hobgoblin hits you.
You take 4 damage, and have 21/25 hp.
You hit the hobgoblin but do no damage. You grab the hobgoblin.
You squeeze the hobgoblin.
The hobgoblin is severely wounded.
You constrict the hobgoblin. You hit the hobgoblin.
You kill the hobgoblin!
Sif Muna accepts your kill.
No target in view!
No target in view!
No target in view!
No target in view!
No target in view!
No target in view!
HP restored.
Found a shiny helmet.
e - 3 orange potions (gained 1) Health restored: 25 You now have 101 gold pieces (gained 10).
A giant cockroach comes into view.
You barely miss the giant cockroach. You grab the giant cockroach.
You constrict the giant cockroach.
The giant cockroach closely misses you. x2
You hit the giant cockroach.
The giant cockroach is moderately wounded.
You constrict the giant cockroach. The giant cockroach closely misses you.
You hit the giant cockroach.
The giant cockroach is almost dead.
You constrict the giant cockroach, but do no damage.
The giant cockroach bites you.
You take 1 damage, and have 24/25 hp.
You hit the giant cockroach but do no damage.
The giant cockroach is almost dead.
You constrict the giant cockroach.
You kill the giant cockroach!
Sif Muna accepts your kill.
Health restored: 25 No target in view!
No target in view!
No target in view!
No target in view!
No target in view!
No target in view!
A bat comes into view.
An orc comes into view. It is wielding a +0 club.
The orc shouts!
You hear a shout! x2
An orc comes into view. It is wielding a +0 flail.
The bat closely misses you.
You hit the bat. Your grab misses the bat. Your squeeze misses the bat.
The bat is severely wounded.
The bat closely misses you.
An orc comes into view.
It is wielding a +1 war axe of electrocution.
The orc shouts!
You hit the orc. You grab the orc.
The orc is almost dead.
You constrict the orc, but do no damage.
You hear a shout!
The orc hits you with a +0 club. The bat hits you but does no damage.
An orc comes into view. It is wielding a +0 dagger.
You take 4 damage, and have 21/25 hp.
You hit the orc but do no damage. You squeeze the orc.
You kill the orc!
Sif Muna accepts your kill. The bat hits you.
The bat hits you but does no damage.
You hit the bat but do no damage. You grab the bat.
The bat is severely wounded.
You constrict the bat.
You kill the bat!
Sif Muna accepts your kill.
An orc comes into view. It is wielding a +0 mace.
Things that are here:
a +0 club; a +0 leather armour; an orc corpse You hit the orc.
Your grab misses the orc.
The orc is lightly wounded.
The orc closely misses you.
You hit the orc but do no damage. You grab the orc.
The orc is lightly wounded.
You constrict the orc, but do no damage.
The orc escapes!
The orc barely misses you.
You hit the orc but do no damage. You grab the orc.
The orc is lightly wounded.
You constrict the orc, but do no damage.
The orc barely misses you. x2; The orc closely misses you.
You hit the orc but do no damage.
The orc is lightly wounded.
You constrict the orc, but do no damage.
The orc closely misses you.
The orc hits you with a +1 war axe of electrocution.
The orc hits you with a +0 dagger.
You take 5 damage, and have 17/25 hp.
You hit the orc but do no damage.
The orc is lightly wounded.
You constrict the orc. The orc hits you with a +0 flail. The orc misses you.
The orc barely misses you. x2
You take 1 damage, and have 16/25 hp.
You hit the orc but do no damage.
The orc is moderately wounded.
You constrict the orc. You hit the orc. You squeeze the orc, but do no damage.
The orc is almost dead.
You constrict the orc, but do no damage.
The orc barely misses you. The orc hits you with a +0 mace!
The orc hits you with a +1 war axe of electrocution!
Ouch! That really hurt!
You die...

### #..# ##... ##...
#... # #oo## ####### #.
#@o## #
......#####.#.##.o.###.#
###.........#..........#
#<..########.#.#..#..#
##### #........##
###.###### #.# #.# #.#


You could see 4 orcs.

Vanquished Creatures
  2 worms (D:2)
  An orc (D:3)
  5 bats
  2 endoplasms (D:2)
  2 giant cockroaches
  5 hobgoblins
  2 jackals (D:2)
  3 kobolds
  3 quokkas (D:2)
  3 ball pythons
  2 frilled lizards (D:1)
  A goblin (D:2)
  2 rats
33 creatures vanquished.

Notes
Turn   | Place    | Note
-------+----------+-------------------------------------------
     0 | D:1      | mdonais the Octopode Reaver began the quest for the Orb.
     0 | D:1      | Reached XP level 1. HP: 14/14 MP: 3/3
   111 | D:1      | Found a faded altar of an unknown god.
   122 | D:1      | Prayed at the altar of an unknown god.
   122 | D:1      | Became a worshipper of Sif Muna the Loreminder
   122 | D:1      | Reached * piety under Sif Muna
   426 | D:1      | Reached skill level 1 in Stealth
   626 | D:1      | Reached XP level 2. HP: 20/20 MP: 5/5
   629 | D:1      | Learned a level 2 spell: Momentum Strike
  1291 | D:2      | Reached XP level 3. HP: 19/25 MP: 6/6
  1473 | D:2      | Reached skill level 1 in Translocations
  1791 | D:3      | Slain by an orc

Illustrated notes

Levels and vault maps discovered:
D:1:      dpeg_arrival_rhombi, layout_loops_corners,
          hellmonk_ecumenical_altar_pennies_from_heaven, nicolae_hexahallways,
          minmay_hedge_maze
D:2:      layout_basic
D:3:      layout_loops_ring, kennysheep_another_room, minmay_cupped

Skill      XL: |  1  2  3 |
---------------+----------+-----
Stealth        | 1 2 |  2.7
Translocations | 1 |  1.0
Fighting       | |  2.9
Short Blades   | |  3.0
Dodging        | |  2.0
Spellcasting   | |  2.0
Conjurations   | |  3.0

Action                     || total
---------------------------++-------
  Melee: Short sword       ||    75
         Tentacles         ||    21
         Constrict         ||    21
         Punch             ||     2
   Stab: Sleeping          ||     7
         Distracted        ||     1
 Armour: Skin              ||     4
  Dodge: Dodged            ||    40

Table legend: (Time is in decaauts)
 A = Elapsed time spent in this place.
 B = Non-inter-level travel time spent in this place.
 C = Inter-level travel time spent in this place.
 D = Time resting spent in this place.
 E = Time spent auto-exploring this place.
 F = Levels seen in this place.
 G = Mean time per level.
                   A        B        C        D        E       F      G
               +--------+--------+--------+--------+--------+-----+--------+
         Total |   1779 |   1753 |     26 |      0 |   1526 |   3 |  593.0 |
       Dungeon |   1779 |   1753 |     26 |      0 |   1526 |   3 |  593.0 |
               +--------+--------+--------+--------+--------+-----+--------+

Top non-repeatable levels by time:
     D:1: 1085 daAuts
     D:2: 592 daAuts
     D:3: 100 daAuts
